 Dungeon Crawl Stone Soup version 0.15.2 (webtiles) character file.

1316 ImaNewbie the Conjurer (level 8, -1/57 HPs)
             Began as a Red Draconian Conjurer on Feb 28, 2015.
             Shot with a poisoned arrow by a centaur (5 damage)
             ... on Level 6 of the Dungeon.
             The game lasted 00:56:57 (6672 turns).

ImaNewbie the Conjurer (Red Draconian Conjurer)     Turns: 6672, Time: 00:56:57

HP  -1/57        AC  7     Str 11      XL: 8   Next: 33%
MP   9/20        EV 12     Int 17      God:
Gold 269         SH  0     Dex 12      Spells:  4 memorised,  8 levels left

rFire  + . .     SeeInvis +     b - +3 hunting sling
rCold  . . .     Clarity  .     (armour unavailable)
rNeg   . . .     rCorr    .     (no shield)
rPois  .         rRot     .     (helmet restricted)
rElec  .         Spirit   .     y - +0 cloak
SustAb .         Warding  .     (no gloves)
rMut   .         Stasis   .     (no boots)
Gourm  .                        (no amulet)
MR     .....                    w - ring of wizardry
                                q - ring of see invisible

@: lethally poisoned, not resistant to hostile enchantments, unstealthy
A: breathe fire, unfitting armour, fire resistance 1, cold-blooded, AC +6
a: Breathe Fire


You were on level 6 of the Dungeon.
You were hungry.

You visited 1 branch of the dungeon, and saw 6 of its levels.

You collected 269 gold pieces.

Inventory:

Hand weapons
 a - a +2 falchion of slicing
 b - a +3 hunting sling (weapon)
 K - a +0 blowgun
Missiles
 p - 84 stones (quivered)
 I - 3 poisoned needles
Armour
 y - a +0 cloak (worn)
Comestibles
 f - 7 fruits
 m - a chunk of adder flesh
 o - 3 bread rations
 x - 2 meat rations
 C - a slice of pizza
Scrolls
 d - a scroll of noise {unknown}
 e - a scroll of immolation
 h - a scroll of teleportation
 i - a scroll of amnesia {unknown}
 k - 2 scrolls of fear {unknown}
 n - 6 scrolls of identify
 t - 2 scrolls of enchant armour
 z - 2 scrolls of enchant weapon {unknown}
 B - 3 scrolls of remove curse
 G - a scroll of fog {unknown}
Jewellery
 q - a ring of see invisible (left hand)
 w - a ring of wizardry (right hand)
Potions
 g - a potion of confusion {unknown}
 j - a potion of poison {unknown}
 l - a potion of curing
 r - a potion of magic {unknown}
 s - a potion of mutation {unknown}
 u - a potion of heal wounds {unknown}
 v - a potion of agility {unknown}
 A - a potion of brilliance
 D - a potion of cancellation {unknown}
 E - a potion of porridge
 F - a potion of lignification {unknown}
Books
 c - a book of Conjurations

   Spells                             Type                      Level
   *Magic Dart                        Conjuration                  1
   *Searing Ray                       Conjuration                  2
   *Dazzling Spray                    Conjuration/Hexes            3
   Fulminant Prism                    Conjuration/Hexes            4
   *Iskenderun's Mystic Blast         Conjuration                  4
   Iskenderun's Battlesphere          Conjuration/Charms           5


   Skills:
 - Level 1.7 Dodging
 - Level 1.7 Stealth
 + Level 5.5 Spellcasting
 * Level 9.4 Conjurations


You had 8 spell levels left.
You knew the following spells:

 Your Spells              Type           Power        Failure   Level  Hunger
a - Magic Dart            Conj           ####         1%          1    None
b - Searing Ray           Conj           #####.       1%          2    #......
c - Dazzling Spray        Conj/Hex       ###.....     3%          3    ###....
d - Iskenderun's Mystic   Conj           #####...     1%          4    ####...


Dungeon Overview and Level Annotations

Branches:
Dungeon (6/15)
 Temple: D:4-7

Altars:
Cheibriados
Dithmenos
Okawaru
Sif Muna
The Shining One


Innate Abilities, Weirdness & Mutations

You can breathe blasts of fire.
Your fiery red scales are hard (AC +6).
Your body does not fit into most forms of armour.
Your flesh is heat resistant.
Your cold-blooded metabolism reacts poorly to cold.


Message History

Drink which item? (? for menu, Esc to quit)
You feel better.
It was a potion of curing.
The centaur drinks a potion.
The centaur is healed!
The centaur shoots a poisoned arrow.
The poisoned arrow hits you.
* * * LOW HITPOINT WARNING * * *
You are poisoned.
You feel sick.
You feel sick.
You feel sick.
You feel sick.
The centaur shoots a poisoned arrow.
The poisoned arrow closely misses you.
You see here a poisoned arrow.
You feel sick.
The centaur shoots a poisoned arrow.
The poisoned arrow hits you.
* * * LOW HITPOINT WARNING * * *
You see here a poisoned arrow.
You feel sick.
You feel sick.
The centaur shoots a poisoned arrow.
The poisoned arrow hits you.
You die...

###.........#########
#...........#
#.#.......c.#
#.#.........#
#.#....(....#
#...........#
####..().....#
#......#######
######### #.###.@#
........# #...#..#
#######.#.###.#..#
#.#...).)..#
#######.#####.##.#
....)......##.##.#
#######.##.##.##<#
......#.##.##.####
#####.#.##.##.#


You could see a centaur.

Vanquished Creatures
  The ghost of ImaNewbie the Grave Robber, an average HONe (D:3)
  3 ogres
  A sky beast (D:5)
  A phantom (D:5)
  A centaur (D:6)
  A giant frog (D:5)
  A hound (D:5)
  A crimson imp (D:4)
  A jelly (D:5)
  2 orc priests (D:6)
  A quasit (D:6)
  4 orc wizards
  An iguana (D:4)
  4 worker ants
  6 adders
  A gnoll skeleton (D:5)
  A giant mite (D:6)
  A shadow imp (D:5)
  3 worms
  3 giant geckos
  8 orcs
  A ball python (D:4)
  A bat skeleton (D:6)
  6 giant cockroaches
  18 hobgoblins
  8 kobolds
  A quokka (D:4)
  10 bats
  7 giant newts
  14 goblins
  A goblin skeleton (D:5)
  A hobgoblin skeleton (D:6)
  11 jackals
  A quokka skeleton (D:5)
  12 rats
138 creatures vanquished.

Notes
Turn   | Place    | Note
--------------------------------------------------------------
     0 | D:1      | ImaNewbie, the Draconian Conjurer, began the quest for the Orb.
     0 | D:1      | Reached XP level 1. HP: 14/14 MP: 3/3
   563 | D:1      | Reached XP level 2. HP: 20/20 MP: 1/4
  1366 | D:2      | Reached XP level 3. HP: 26/26 MP: 0/6
  1370 | D:2      | Learned a level 2 spell: Searing Ray
  1896 | D:2      | Reached skill level 5 in Conjurations
  2216 | D:2      | Found an iron altar of Okawaru.
  2506 | D:3      | Noticed ImaNewbie's ghost (average HONe)
  2577 | D:3      | Reached XP level 4. HP: 33/33 MP: 4/8
  3097 | D:3      | Killed ImaNewbie's ghost
  3097 | D:3      | Reached skill level 6 in Conjurations
  3097 | D:3      | Reached XP level 5. HP: 6/38 MP: 1/11
  3482 | D:3      | Learned a level 3 spell: Dazzling Spray
  3686 | D:3      | Reached XP level 6. HP: 45/45 MP: 9/13
  3888 | D:4      | Found a deep blue altar of Sif Muna.
  4193 | D:4      | Reached skill level 7 in Conjurations
  4319 | D:4      | Found a snail-covered altar of Cheibriados.
  4500 | D:4      | Your scales start taking on a fiery red colour.
  4500 | D:4      | Gained mutation: Your flesh is heat resistant. [draconian maturity]
  4500 | D:4      | Reached XP level 7. HP: 47/50 MP: 2/17
  4876 | D:5      | Entered Level 5 of the Dungeon
  4937 | D:5      | Learned a level 4 spell: Iskenderun's Mystic Blast
  5000 | D:5      | Found a shadowy altar of Dithmenos.
  5257 | D:5      | Reached skill level 8 in Conjurations
  5311 | D:5      | Found a glowing golden altar of the Shining One.
  5452 | D:5      | Reached skill level 5 in Spellcasting
  5778 | D:5      | Reached XP level 8. HP: 57/57 MP: 10/20
  6153 | D:6      | Reached skill level 9 in Conjurations
  6672 | D:6      | Shot with a poisoned arrow by a centaur

Action                   |  1- 3 |  4- 6 |  7- 9 || total
-------------------------+-------+-------+-------++-------
Melee: Club              |    28 |       |       ||    28
       Unarmed           |     8 |       |       ||     8
       Hand axe          |     6 |     1 |       ||     7
 Fire: Hunting sling     |       |    29 |    31 ||    60
 Cast: Magic Dart        |    97 |    86 |    78 ||   261
       Searing Ray       |     1 |     2 |     6 ||     9
       Dazzling Spray    |       |     7 |    15 ||    22
       Iskenderun's Myst |       |       |     9 ||     9
 Abil: Breathe Fire      |       |       |     5 ||     5
  Use: Scroll            |     1 |     1 |     3 ||     5
       Potion            |       |       |     1 ||     1
  Eat: Chunk             |     6 |     7 |    10 ||    23
